 Dungeon Crawl Stone Soup version 0.21-a0-401-g0b6bec4 (webtiles) character file.

70 graki42 the Firebug (level 4, -6/24 HPs)
             Began as a Deep Elf Fire Elementalist on Oct 22, 2017.
             Mangled by a centaur (7 damage)
             ... on level 2 of the Dungeon.
             The game lasted 00:04:07 (1824 turns).

graki42 the Firebug (Deep Elf Fire Elementalist)    Turns: 1824, Time: 00:04:07

Health: -6/24      AC:  2    Str:  6    XL:     4   Next: 4%
Magic:  8/12       EV: 13    Int: 20    God:
Gold:   113        SH:  0    Dex: 15    Spells: 4/11 levels left

rFire    . . .     SeeInvis .   (no weapon)
rCold    . . .     Gourm    .   (no shield)
rNeg     . . .     Faith    .   a - +0 robe
rPois    .         Spirit   .   (no helmet)
rElec    .         Reflect  .   (no cloak)
rCorr    .         Harm     .   (no gloves)
MR       .....                  (no boots)
Stlth    ++........             (no amulet)
HPRegen  0.08/turn              (no ring)
MPRegen  0.13/turn              (no ring)

@: no status effects
A: no striking features
a: no special abilities


You were on level 2 of the Dungeon.
You were not hungry.

You visited 1 branch of the dungeon, and saw 2 of its levels.

You collected 113 gold pieces.

Inventory:

Missiles
 l - 107 stones (quivered)
Armour
 a - a +0 robe (worn)
Jewellery
 j - an uncursed ring of see invisible {unknown}
Scrolls
 d - 2 scrolls of magic mapping {unknown}
 e - a scroll of immolation {unknown}
 f - 4 scrolls of remove curse {unknown}
 g - 2 scrolls of identify {unknown}
 i - 2 scrolls of enchant armour {unknown}
 m - a scroll of enchant weapon {unknown}
 o - a scroll of noise {unknown}
Potions
 h - a potion of cancellation {unknown}
 k - a potion of agility {unknown}
Books
 b - a book of Flames

   Spells                             Type                      Level
   a - Flame Tongue                   Conjuration/Fire             1
   b - Throw Flame                    Conjuration/Fire             2
   c - Conjure Flame                  Conjuration/Fire             3
   d - Inner Flame                    Hexes/Fire                   3
   e - Sticky Flame                   Conjuration/Fire             4
   f - Fireball                       Conjuration/Fire             5
Comestibles
 c - a bread ration
 n - a royal jelly
 p - 2 chunks of flesh


   Skills:
 + Level 2.6 Dodging
 + Level 2.7 Stealth
 + Level 4.0 Spellcasting
 + Level 1.6 Conjurations
 + Level 4.4 Fire Magic


You had 4 spell levels left.
You knew the following spells:

 Your Spells              Type           Power        Failure   Level  Hunger
a - Flame Tongue          Conj/Fire      ###..        3%          1    None
b - Conjure Flame         Conj/Fire      ###.....     11%         3    ###....
c - Inner Flame           Hex/Fire       ##......     16%         3    ###....


Dungeon Overview and Level Annotations

Branches:
Dungeon (2/15)

Altars:

Annotations:
D:2 Terence


Message History

The flame tongue hits the centaur.
The centaur is moderately wounded.
The centaur hits you. The centaur hits you!
* * * LOW HITPOINT WARNING * * *
Casting: Flame Tongue
Confirm with . or Enter, or press ? or * to list all spells.
Aiming: Flame Tongue
Press: ? - help, Shift-Dir - straight line, f/p - centaur
Aim: a centaur (moderately wounded)
The flame tongue hits the centaur.
The centaur is almost dead.
The centaur hits you.
* * * LOW HITPOINT WARNING * * *
Casting: Flame Tongue
Confirm with . or Enter, or press ? or * to list all spells.
Aiming: Flame Tongue
Press: ? - help, Shift-Dir - straight line, f/p - centaur
Aim: a centaur (almost dead)
The flame tongue misses the centaur.
The centaur hits you!
You die...

#...## #... ..##.
##.#####..# ##
#........# #
##.#.†....#
#.........####.#
####............
#######.......####.
........(######
.......(@#
.........c......
........†#######
.....!.>.#
##########


You could see a centaur.

Vanquished Creatures
  2 adders (D:2)
  An ooze (D:1)
  A worm (D:2)
  3 dart slugs (D:1)
  A leopard gecko (D:1)
  A ball python (D:1)
  4 bats
  3 hobgoblins (D:1)
  4 jackals
  A quokka (D:2)
  4 frilled lizards
  5 goblins
  5 kobolds
  4 rats
39 creatures vanquished.

Notes
Turn   | Place    | Note
-------+----------+-------------------------------------------
     0 | D:1      | graki42 the Deep Elf Fire Elementalist began the quest for the Orb.
     0 | D:1      | Reached XP level 1. HP: 10/10 MP: 6/6
   264 | D:1      | Reached XP level 2. HP: 15/15 MP: 6/8
   463 | D:1      | Reached XP level 3. HP: 19/19 MP: 5/10
   468 | D:1      | Learned a level 3 spell: Conjure Flame
   472 | D:1      | Learned a level 3 spell: Inner Flame
  1233 | D:2      | Noticed Terence
  1740 | D:2      | Reached XP level 4. HP: 17/24 MP: 3/12
  1816 | D:2      | Noticed a centaur
  1823 | D:2      | HP: 1/24 [centaur (6)]
  1824 | D:2      | Mangled by a centaur

Vault maps used:
D:1:      kennysheep_arrival_seaside, st_stairs_6
D:2:      uniq_terence

Skill      XL: |  1  2  3 |
---------------+----------+-----
Fire Magic     | 4 |  4.4
Spellcasting   | 4 |  4.0
Dodging        | |  2.6
Stealth        | |  2.7
Conjurations   | |  1.6

Action                   |  1- 3 |  4- 6 || total
-------------------------+-------+-------++-------
 Cast: Flame Tongue      |    70 |     6 ||    76
       Conjure Flame     |     2 |       ||     2
       Inner Flame       |     1 |       ||     1
  Eat: Chunk             |     3 |       ||     3
Armor: Robe              |     1 |       ||     1
Dodge: Dodged            |    10 |     1 ||    11

Table legend:
 A = Spawn XP
 B = Non-spawn XP
 C = Spawn XP percentage of total XP
 D = Spawn monster count
 E = Non-spawn monster count
 F = Spawn count percentage of total count
 G = Total turns spent on level
                    A         B        C        D         E        F      G
               +---------+---------+-------+---------+---------+-------+---------
         Total |       0 |     101 |   0.0 |       0 |      39 |   0.0 |  1824
               +---------+---------+-------+---------+---------+-------+---------
           D:1 |       0 |      48 |   0.0 |       0 |      22 |   0.0 |  1257
           D:2 |       0 |      53 |   0.0 |       0 |      17 |   0.0 |   567
               +---------+---------+-------+---------+---------+-------+---------
